 Dungeon Crawl Stone Soup version 0.27.0-65-ge2af304b15 (webtiles) character file.

Game seed: 7022377041457374986

23 dtburroughs the Skirmisher (level 2, -2/27 HPs)
             Began as a Minotaur Berserker on Aug 18, 2021.
             Was a Believer of Trog.
             Slain by a gnoll (4 damage)
             ... on level 1 of the Dungeon.
             The game lasted 00:01:14 (547 turns).

dtburroughs the Skirmisher (Minotaur Berserker)      Turns: 547, Time: 00:01:14

Health: -2/27      AC:  2    Str: 21    XL:     2   Next: 72%
Magic:  1/1        EV: 12    Int:  4    God:    Trog [**....]
Gold:   35         SH:  0    Dex:  9    Spells: 1/1 levels left

rFire    . . .     SeeInvis .   a - +0 hand axe
rCold    . . .     Faith    .   (no shield)
rNeg     . . .     Spirit   .   b - +0 animal skin
rPois    .         Reflect  .   (helmet restricted)
rElec    .         Harm     .   (no cloak)
rCorr    .         Rampage  .   (no gloves)
Will     .....                  (no boots)
Stlth    +.........             (no amulet)
HPRegen  0.09/turn              (no ring)
MPRegen  0.07/turn              (no ring)

@: no status effects
A: horns 2, retaliatory headbutt
a: Renounce Religion, Berserk, Trog's Hand


You were on level 1 of the Dungeon.
You worshipped Trog.
Trog was pleased with you.
You visited 1 branch of the dungeon, and saw 1 of its levels.

You collected 35 gold pieces.

Inventory:

Hand Weapons
 a - a +0 hand axe (weapon)
Armour
 b - a +0 animal skin (worn)
Scrolls
 c - a scroll of identify {unknown}
 e - a scroll of enchant armour {unknown}
Potions
 d - a potion of mutation {unknown}


   Skills:
 + Level 4.0 Fighting
 + Level 4.0 Axes
 + Level 2.9 Armour
 + Level 2.6 Dodging


You had one spell level left.
You didn't know any spells.
Your spell library was empty.

Dungeon Overview and Level Annotations

Branches:
Dungeon (1/15)

Altars:

Shops:
D:1 [*


Innate Abilities, Weirdness & Mutations

You have a pair of horns on your head.
You reflexively headbutt those who attack you in melee.


Message History

You see here a scroll labelled KAURUI RYNAHE.
You hit the giant cockroach but do no damage.
The giant cockroach bites you but does no damage.
You closely miss the giant cockroach.
You headbutt the giant cockroach, but do no damage.
The giant cockroach barely misses you.
You hit the giant cockroach. You headbutt the giant cockroach.
You kill the giant cockroach!
Trog accepts your kill.
Your Axes skill increases to level 4!
e - a scroll labelled KAURUI RYNAHE A hobgoblin comes into view.
The hobgoblin shouts!
You hear a shout!
The hobgoblin moves out of view.
Found a scroll labelled YRAEDGH YGGAYZO.
A gnoll and a kobold come into view.
The kobold shouts!
The gnoll shouts!
The gnoll moves out of view.
A bat comes into view.
The hobgoblin hits you.
You slash the hobgoblin!
You kill the hobgoblin!
Trog accepts your kill.
You can now call upon Trog for regeneration and willpower.
You closely miss the kobold. Your headbutt misses the kobold. You hit the bat.
You kill the bat!
Trog accepts your kill. The kobold hits you with a +0 dagger.
You closely miss the kobold. The kobold hits you with a +0 dagger.
The gnoll hits you with a +0 whip!
You hit the kobold but do no damage. Your headbutt misses the kobold.
You barely miss the gnoll. The kobold hits you but does no damage.
The gnoll completely misses you.
You barely miss the gnoll. You closely miss the kobold.
The kobold hits you with a +0 dagger. The gnoll hits you with a +0 whip.
* * * LOW HITPOINT WARNING * * *
You fail to use your ability.
The kobold hits you with a +0 dagger.
* * * LOW HITPOINT WARNING * * *
The gnoll hits you with a +0 whip.
You die...

##.#.# #...# .......
##..# ....... #..#
....... ##########)#
....... #........#.#
....... #.........>#
.......
#........#####K...?..
...............@g......
...................####
....#####..........#
... #.########## .. #.#
. #.# #.. ###


You could see a gnoll and a kobold.

Vanquished Creatures
  A dart slug (D:1)
  3 ball pythons (D:1)
  An endoplasm (D:1)
  A giant cockroach (D:1)
  2 goblins (D:1)
  5 hobgoblins (D:1)
  2 bats (D:1)
  A frilled lizard (D:1)
  2 kobolds (D:1)
  2 rats (D:1)
20 creatures vanquished.

Notes
Turn   | Place    | Note
-------+----------+-------------------------------------------
     0 | D:1      | dtburroughs the Minotaur Berserker began the quest for the
                  | Orb.
     0 | D:1      | Reached XP level 1. HP: 19/19 MP: 0/0
    16 | D:1      | Found Elusibria's Armour Emporium.
   161 | D:1      | Reached XP level 2. HP: 14/27 MP: 1/1
   428 | D:1      | Found Opekleu's General Store.
   542 | D:1      | Reached ** piety under Trog
   547 | D:1      | Slain by a gnoll

Illustrated notes

Levels and vault maps discovered:
D:1:      wander_arrival_desolate, layout_basic, serial_shops, shop,
          nicolae_diamond_shop, nicolae_lakefront_shop, shop

Skill      XL: |  1  2 |
---------------+-------+-----
Fighting       | 4 |  4.0
Axes           | 4 |  4.0
Armour         | |  2.9
Dodging        | |  2.6

Action                   || total
-------------------------++-------
Melee: Hand axe          ||    48
       Headbutt          ||     5
Armor: Animal skin       ||     4
Dodge: Dodged            ||    31
